AoeStats
← Javi Radical692

Arena

509701238Analyzed
3v3 RM · 4d ago on Sep 27, 2026· 12m 15s· 6 players
Game mode
Random Map
Map size
Normal (6 player)
Population
200
Speed
Normal
Resources
Standard
Victory
Conquest
Starting age
Dark Age
Ending age
Imperial Age
RankedLock teamsTeams togetherTeam positionsShared explorationLock speedFull tech treeHidden civsTurbo modeCheats
Victory
Defeat
🇨🇱 Cumans · Chile
774
+14
🇨🇱 Goths · Chile
736
+16
🇨🇱 Varangians · Chile
674
+18
🇵🇪 Magyars · Peru
736
-16
🇺🇸 Spanish · United States
723
-16
🇨🇱 Britons · Chile
723
-16
Turd Ferguson
Javi Radical692
10:40 Feudal Age
Crazy
9:55 Feudal Age
elchoromota
10:17 Feudal Age
10:41 Man-at-Arms
11:26 Horse Collar
12:18 Double-Bit Axe
Aventugabo
RSK | Nasif
0:27 Loom
10:33 Feudal Age
12:37 Double-Bit Axe
Connection lost

Rejoining the realm…

Still unreachable

The connection could not be restored.

Session expired

The server has moved on; the page needs a fresh start.